cohdb
Replays
Latest Replays
All Replays
Popular Replays
Top Player Replays
Match Explorer
How It Works
Community
CoH3 Stats
Reddit
Sign in to upload your games and track your stats! →
Sign in with Steam
Grens can fire fauts at inf now?
Match 39866858
Overview
Messages
Build Orders
End
Selects Australian Defense Battlegroup
Selects Australian Light Infantry Section
Australian Light Infantry Section
Vickers Machine Gun Team
Construct Section Command Post
Infantry Section
Australian Light Infantry Section
Construct Platoon Command Post
BMon
CPU-NOOB
Elite_1650
三年之期已到 兵王回归 统治一切FPS
0
0
Comments
sign in to comment!
No comments posted yet!